 Dungeon Crawl Stone Soup version 0.29-a0-1052-g6990b1bffc (webtiles) character file.

Game seed: 18313302060216159337

32 drugrobin the Sneak (level 2, 0/25 HPs)
             Began as a Demigod Delver on Aug 17, 2022.
             Succumbed to an adder's poison
             ... on level 5 of the Dungeon.
             The game lasted 00:03:35 (1156 turns).

drugrobin the Sneak (Demigod Delver)                Turns: 1156, Time: 00:03:36

Health: 0/25       AC:  3    Str: 13    XL:     2   Next: 96%
Magic:  4/4        EV: 12    Int: 12    God:
Gold:   0          SH:  0    Dex: 15    Spells: 1/1 levels left

rFire   . . .      SeeInvis .   a - +0 hand axe
rCold   . . .      Faith    .   (no shield)
rNeg    . . .      Spirit   .   b - +0 leather armour
rPois   .          Reflect  .   (no helmet)
rElec   .          Harm     .   (no cloak)
rCorr   .          Rampage  .   (no gloves)
Will    .....                   (no boots)
Stlth   +++.......              (no amulet)
HPRegen 0.08/turn               (no ring)
MPRegen 0.09/turn               (no ring)

@: mighty, lethally poisoned (0 -> -11)
A: high MP 1, forlorn, divine attributes, claws 1, sense surroundings 1
a: no special abilities


You were on level 5 of the Dungeon.
You visited 1 branch of the dungeon, and saw 1 of its levels.
You also visited: Sewer.

Inventory:

Hand Weapons
 a - a +0 hand axe (weapon)
Armour
 b - a +0 leather armour (worn)
Wands
 g - a wand of digging (3)
Scrolls
 c - a scroll of fog
 e - a scroll of fear
 h - 4 scrolls of magic mapping
 i - 3 scrolls of teleportation {unknown}
 o - a scroll of immolation {unknown}
Potions
 d - a potion of cancellation
 f - a potion of haste
 j - a potion of magic
 m - a potion of invisibility {unknown}
 n - a potion of degeneration {unknown}


   Skills:
 - Level 2.8 Fighting
 + Level 2.8 Axes
 - Level 2.0 Dodging
 - Level 4.6 Stealth


You had one spell level left.
You didn't know any spells.
Your spell library was empty.

Dungeon Overview and Level Annotations

Branches:
Dungeon (5/15)             Temple (0/1) D:5           Sewer (visited)


Innate Abilities, Weirdness & Mutations

You have an increased reservoir of magic. (+10% MP)
You shall have no god before yourself.
Your divine heritage dramatically boosts your attributes as you level up.
You have sharp fingernails.
You passively map a small area around you.


Message History

You are poisoned.
The adder poisons you!
You hit the adder.
The adder is lightly wounded.
You feel sick. The adder completely misses you.
You hit the adder.
The adder is lightly wounded.
You feel sick. The adder bites you but does no damage. The adder bites you.
You are more poisoned.
The adder poisons you!
You closely miss the adder.
The adder is lightly wounded.
You feel sick. The adder closely misses you.
It was a potion of cancellation.
You feel magically purged.
You feel sick. The adder bites you.
Unknown command.
It was a potion of magic.
Magic courses through your body.
You feel sick. The adder closely misses you.
The adder bites you but does no damage.
Unknown command.
It was a potion of might.
You feel very mighty all of a sudden.
You feel sick. The adder bites you but does no damage.
Unknown command.
Unknown command.
Unknown command.
Unknown command.
Unknown command.
You barely miss the adder.
The adder is lightly wounded.
You feel sick. The adder bites you.
* * * LOW HITPOINT WARNING * * *
You are more poisoned.
The adder poisons you! The adder misses you.
Unknown command.
Unknown command.
Unknown command.
It was a potion of mutation.
You feel extremely strange.
You feel a strange attunement to the structure of the dungeons.
Your fingernails lengthen.
You die...

,,,,,,****,,,***,,** **,*,,,*
,,,,,,,**,,,,,,*,..# ***,,**,,**
,,,,,,,,,,,**,,,,..#**,,,,**,,,*
,,,,,,,,,,*****,,...,,,,,,,,*,**
,,,,,,,,,** ***..,,*,****,,,*
,,,,,,,,** ##.#***,** ***,*
*,,,..S,* #..# **,,* ***
*,,,...##* #..# *,,,*
*,,,,....#* ##@#* *,,**
*,,,**#...#* #.S# *,,* *,,**
*#...####..## **,* *,.**
*#.........## ***
*,..###*##.........#** ******
*,.....####..........#****,,,,*
**#......#........$....,,,***,**
* ***#.................,*** **,*
* ###...............** ***


You could see an adder.

Vanquished Creatures
  An adder (D:5)
  A bat (Sewer)
  2 endoplasms (Sewer)
  2 giant cockroaches (Sewer)
  4 ball pythons (Sewer)
  13 kobolds (Sewer)
  2 rats (Sewer)
25 creatures vanquished.

Vanquished Creatures (others)
  4 plants (Sewer)
4 creatures vanquished.

Grand Total: 29 creatures vanquished

Notes
Turn   | Place    | Note
-------+----------+-------------------------------------------
     0 | D:5      | drugrobin the Demigod Delver began the quest for the Orb.
     0 | D:5      | Reached XP level 1. HP: 18/18 MP: 3/3
    20 | D:5      | Found a glowing drain.
   129 | Sewer    | Entered a sewer
   156 | Sewer    | Reached XP level 2. HP: 16/25 MP: 4/4
  1156 | D:5      | Gained mutation: You passively map a small area around you.
                  | [potion of mutation]
  1156 | D:5      | Gained mutation: You have sharp fingernails. [potion of
                  | mutation]
  1156 | D:5      | Succumbed to an adder's poison

Illustrated notes

Levels and vault maps discovered:
D:5:      layout_layer_cave, temple_green, biasface_ghost_orc_armoury,
          portal_sewer_entry_d, minmay_misc_feat_four_crosses,
          wad_floor_pattern_untrapped, uniq_duvessa, uniq_pikel, uniq_grinder

Skill      XL: |  1 |
---------------+----+-----
Axes           | 2 |  2.8
Dodging        | 2 |  2.0
Fighting       | |  2.8
Stealth        | |  4.6

Action                   || total
-------------------------++-------
Melee: Hand axe          ||    87
       Punch             ||     1
  Use: Scroll            ||     1
       Potion            ||     4
 Stab: Sleeping          ||     1
Armor: Leather armour    ||    36
Dodge: Dodged            ||    62

Table legend: (Time is in decaauts)
 A = Elapsed time spent in this place.
 B = Non-inter-level travel time spent in this place.
 C = Inter-level travel time spent in this place.
 D = Time resting spent in this place.
 E = Time spent auto-exploring this place.
 F = Levels seen in this place.
 G = Mean time per level.
                   A        B        C        D        E       F      G
               +--------+--------+--------+--------+--------+-----+--------+
         Total |   1211 |   1191 |     20 |    572 |    282 |   2 |  605.5 |
       Dungeon |    185 |    165 |     20 |     89 |      0 |   1 |  185.0 |
         Sewer |   1026 |   1026 |      0 |    483 |    282 |   1 | 1026.0 |
               +--------+--------+--------+--------+--------+-----+--------+

Top non-repeatable levels by time:
   Sewer: 1026 daAuts
     D:5: 185 daAuts
